[Event "Team 45 45 League T94"]
[Site "Internet Chess Club"]
[Date "2022.10.23"]
[Round "2"]
[White "Goli"]
[Black "AlekMoro"]
[Result "1-0"]
[WhiteElo "1813"]
[BlackElo "1871"]
[Opening "Caro-Kann: Panov-Botvinnik attack"]
[ECO "B13"]
[Time "12:19:23"]
[PlyCount "37"]
[TimeControl "2700+45"]

1. e4 c6 2. d4 d5 3. exd5 cxd5 4. c4 Nf6 5. Nc3 Nc6 6. Nf3 Be6 7. c5 g6 8. Bb5
a6 9. Ba4 Bg7 10. Ne5 Rc8 11. O-O O-O 12. Bxc6 bxc6 13. Qa4 Nd7 14. Nxc6 Qe8 15.
Na5 Rb8 16. Nb3 Qc8 17. Bf4 Ra8 18. Na5 Nb8 19. c6 {Black resigns} 1-0

[Event "Team 45 45 League T94"]
[Site "Internet Chess Club"]
[Date "2022.10.21"]
[Round "2"]
[White "BuddyT"]
[Black "cysk"]
[Result "1-0"]
[WhiteElo "1668"]
[BlackElo "1696"]
[Opening "Dutch"]
[ECO "A80"]
[Time "22:00:30"]
[PlyCount "73"]
[TimeControl "2700+45"]

1. d4 f5 2. Nf3 Nf6 3. g3 d5 4. Bg2 e6 5. O-O Bd6 6. Bf4 O-O 7. Bxd6 Qxd6 8.
Nbd2 c6 9. c4 Nbd7 10. Qc2 b6 11. Rfc1 Ba6 12. cxd5 cxd5 13. Qc6 Qxc6 14. Rxc6
Rfe8 15. e3 h6 16. Ne5 Rac8 17. Rac1 Bb7 18. Rxc8 Rxc8 19. Rxc8+ Bxc8 20. Nc6
Kf7 21. Nxa7 Bb7 22. Nb5 Ke7 23. f3 Ba6 24. Nc3 Ne8 25. Kf2 g5 26. b4 Nd6 27. a4
Bd3 28. Bf1 Bxf1 29. Kxf1 Nb8 30. b5 Nc4 31. Nxc4 dxc4 32. Ke2 Kd6 33. e4 fxe4
34. fxe4 e5 35. Ke3 Nd7 36. Nd5 g4 37. Nc3 {Black resigns} 1-0

[Event "Team 45 45 League T94"]
[Site "Internet Chess Club"]
[Date "2022.10.25"]
[Round "2"]
[White "ElValero"]
[Black "martineden"]
[Result "1-0"]
[WhiteElo "1739"]
[BlackElo "1827"]
[Opening "Queen's bishop game"]
[ECO "D02"]
[Time "10:03:13"]
[PlyCount "73"]
[TimeControl "2700+45"]

1. Nf3 d5 2. d4 Nf6 3. Bf4 c5 4. e3 e6 5. c3 Nc6 6. Nbd2 Bd6 7. Ne5 O-O 8. Ndf3
Nh5 9. Nxc6 bxc6 10. Bxd6 Qxd6 11. Bd3 Nf6 12. O-O Rb8 13. Rb1 a5 14. Ne5 cxd4
15. exd4 c5 16. Qa4 cxd4 17. Qxd4 Nd7 18. f4 Nc5 19. Bc2 f6 20. Nd3 Nxd3 21.
Qxd3 g6 22. Rf3 Kg7 23. Rg3 Kh8 24. Rh3 Rg8 25. Qg3 Qc5+ 26. Kh1 e5 27. Rh6 e4
28. Bb3 Kg7 29. Qh4 Rh8 30. Rd1 Be6 31. f5 g5 32. Qh3 Bf7 33. Rd4 a4 34. Rxa4
Qf2 35. g4 Qe1+ 36. Kg2 Qd1 37. Bxd1 {Black resigns} 1-0

[Event "Team 45 45 League T94"]
[Site "Internet Chess Club"]
[Date "2022.10.19"]
[Round "2"]
[White "fhunfi"]
[Black "VictorRed"]
[Result "0-1"]
[WhiteElo "1688"]
[BlackElo "1734"]
[Opening "Sicilian"]
[ECO "B56"]
[Time "18:09:20"]
[PlyCount "84"]
[TimeControl "2700+45"]

1. e4 c5 2. Nf3 d6 3. d4 cxd4 4. Nxd4 Nf6 5. Nc3 Nc6 6. f3 e5 7. Nb3 a6 8. Be3
Be6 9. Qd2 d5 10. exd5 Nxd5 11. Nxd5 Qxd5 12. Qxd5 Bxd5 13. O-O-O O-O-O 14. Bb6
Rd7 15. Be2 Be7 16. c3 Be6 17. Rxd7 Kxd7 18. Rd1+ Kc8 19. Bd3 g6 20. Kb1 Nb8 21.
Bc2 Nd7 22. Be3 Rd8 23. g3 Nf6 24. Rxd8+ Kxd8 25. Nd2 Nd5 26. Bf2 f5 27. Bd3 Bf6
28. Nb3 Kc7 29. Nc5 Bf7 30. Kc2 Be7 31. a3 Bg5 32. Nb3 Be3 33. Be1 Bg1 34. Nc1
Bxh2 35. Bf2 h5 36. Nb3 f4 37. gxf4 Bxf4 38. Nd2 Nf6 39. Ne4 Nxe4 40. Bxe4 g5
41. Kd3 Be6 42. Bg6 h4 {White resigns} 0-1

[Event "Team 45 45 League T94"]
[Site "Internet Chess Club"]
[Date "2022.10.19"]
[Round "2"]
[White "julesraider"]
[Black "hewdondada"]
[Result "1-0"]
[WhiteElo "1657"]
[BlackElo "1654"]
[Opening "QGD Slav: Dutch variation"]
[ECO "D18"]
[Time "22:00:39"]
[PlyCount "59"]
[TimeControl "2700+45"]

1. d4 d5 2. c4 c6 3. Nf3 Nf6 4. Nc3 dxc4 5. a4 Bf5 6. e3 e6 7. Bxc4 Bb4 8. O-O
O-O 9. Qb3 Qe7 10. a5 c5 11. dxc5 Bxc5 12. Na4 Bd6 13. Nd4 Nc6 14. Nxf5 exf5 15.
Nc3 a6 16. Nd5 Nxd5 17. Bxd5 Rab8 18. Bd2 Be5 19. Rfd1 Rfd8 20. g3 Qf6 21. Bc3
Bxc3 22. bxc3 Ne5 23. c4 b6 24. axb6 Rxb6 25. Qa4 Nd7 26. Qa5 Qe7 27. Rab1 Rdb8
28. Rxb6 Rxb6 29. Bf3 Rf6 30. Qc7 {Black resigns} 1-0

[Event "Team 45 45 League T94"]
[Site "Internet Chess Club"]
[Date "2022.10.21"]
[Round "2"]
[White "Lawkeito"]
[Black "burlap"]
[Result "1-0"]
[WhiteElo "1630"]
[BlackElo "1429"]
[Opening "QGD semi-Slav: Meran, Wade variation"]
[ECO "D47"]
[Time "21:03:28"]
[PlyCount "73"]
[TimeControl "2700+45"]

1. d4 d5 2. c4 c6 3. Nc3 Nf6 4. e3 e6 5. Nf3 Nbd7 6. Bd3 dxc4 7. Bxc4 b5 8. Bd3
Bb7 9. e4 b4 10. Ne2 Be7 11. O-O c5 12. e5 Nd5 13. Bd2 O-O 14. Qc2 g6 15. Rac1
Rc8 16. Qb1 N5b6 17. Be4 Bxe4 18. Qxe4 f6 19. exf6 Rxf6 20. Bg5 Rf7 21. Bxe7
Qxe7 22. dxc5 Rxc5 23. Rxc5 Qxc5 24. Rc1 Qe7 25. Ned4 e5 26. Nc6 Qd6 27. Qxb4
Qxb4 28. Nxb4 e4 29. Ng5 Re7 30. Rc7 Kf8 31. Nc6 Re8 32. Nxh7+ Kg8 33. Ng5 Ne5
34. Nxe4 Nd3 35. Nf6+ Kf8 36. Nxe8 Kxe8 37. Rxa7 {Black resigns} 1-0

[Event "Team 45 45 League T94"]
[Site "Internet Chess Club"]
[Date "2022.10.23"]
[Round "2"]
[White "achessman"]
[Black "cyborg86"]
[Result "0-1"]
[WhiteElo "1811"]
[BlackElo "2289"]
[Opening "Réti: advance variation"]
[ECO "A09"]
[Time "22:02:58"]
[PlyCount "46"]
[TimeControl "2700+45"]

1. Nf3 d5 2. c4 d4 3. e3 c5 4. b4 dxe3 5. fxe3 cxb4 6. d4 Nf6 7. Bd3 g6 8. a3
bxa3 9. Bxa3 Bg7 10. O-O O-O 11. Nc3 Nc6 12. Kh1 b6 13. d5 Na5 14. Bb4 Ng4 15.
Qe2 Nb7 16. Nd4 Nc5 17. Ra3 a5 18. Ncb5 Nxd3 19. Nc6 Nxb4 20. Nxd8 Rxd8 21. d6
exd6 22. Rxf7 Kxf7 23. Qf3+ Bf5 {White resigns} 0-1

[Event "Team 45 45 League T94"]
[Site "Internet Chess Club"]
[Date "2022.10.22"]
[Round "2"]
[White "Alec-hine"]
[Black "BuddyT"]
[Result "1-0"]
[WhiteElo "1781"]
[BlackElo "1657"]
[Opening "Trompowsky attack (Ruth, Opocenský opening)"]
[ECO "A45"]
[Time "13:00:22"]
[PlyCount "77"]
[TimeControl "2700+45"]

1. d4 Nf6 2. Bg5 Ne4 3. Bf4 d5 4. Nd2 Nxd2 5. Qxd2 Bf5 6. e3 e6 7. Nf3 Nd7 8.
Bd3 Bxd3 9. cxd3 a5 10. O-O Bd6 11. Bxd6 cxd6 12. Rfc1 O-O 13. Rc3 Rc8 14. Rac1
Rxc3 15. Qxc3 b5 16. Qc6 Qe7 17. Qxb5 Rb8 18. Qxb8+ Nxb8 19. Rc8+ Qf8 20. Rxf8+
Kxf8 21. Kf1 Nc6 22. Ke2 Nb4 23. a3 Nc6 24. Kd2 Ke7 25. Kc3 e5 26. b4 axb4+ 27.
axb4 e4 28. dxe4 dxe4 29. Nd2 d5 30. b5 Nb8 31. Kb4 Kd6 32. Ka5 Nd7 33. Nb3 Kc7
34. Nc5 Nb6 35. Na4 Nc4+ 36. Ka6 Kb8 37. b6 Nd6 38. Nc5 g5 39. b7 {Black
resigns} 1-0

[Event "Team 45 45 League T94"]
[Site "Internet Chess Club"]
[Date "2022.10.21"]
[Round "2"]
[White "ElValero"]
[Black "timcent"]
[Result "1/2-1/2"]
[WhiteElo "1724"]
[BlackElo "1853"]
[Opening "Bogo-Indian defense"]
[ECO "E11"]
[Time "11:30:09"]
[PlyCount "101"]
[TimeControl "2700+45"]

1. d4 Nf6 2. Nf3 e6 3. c4 Bb4+ 4. Bd2 Bxd2+ 5. Nbxd2 d6 6. g3 Nc6 7. Bg2 O-O 8.
O-O Re8 9. Qb1 e5 10. d5 Ne7 11. b4 Bg4 12. h3 Bh5 13. g4 Bg6 14. e4 h5 15. g5
Nh7 16. h4 Qd7 17. Kh2 Qg4 18. Qd3 Qf4+ 19. Kg1 f5 20. gxf6 Nxf6 21. Qe3 Qxe3
22. fxe3 Nxe4 23. Bh3 Nxd2 24. Nxd2 Rf8 25. Nf3 Bd3 26. Be6+ Kh8 27. Rf2 Bxc4
28. Rc1 Bxd5 29. Rxc7 Bxe6 30. Rxe7 Bd5 31. Ng5 Rxf2 32. Kxf2 b5 33. a3 Bc4 34.
e4 g6 35. Rd7 a5 36. Rxd6 axb4 37. axb4 Kg7 38. Nf3 Ra2+ 39. Kg3 Ra3 40. Kf2 Bd3
41. Nxe5 Bxe4 42. Rb6 Bd3 43. Nxd3 Rxd3 44. Rxb5 Rh3 45. Rb8 Rxh4 46. b5 Rb4 47.
b6 Kh6 48. Kg2 Kg5 49. b7 Kg4 50. Rg8 Rxb7 51. Rxg6+ {Game drawn by mutual
agreement} 1/2-1/2

[Event "Team 45 45 League T94"]
[Site "Internet Chess Club"]
[Date "2022.10.23"]
[Round "2"]
[White "laurenpar"]
[Black "MichaelIC"]
[Result "0-1"]
[WhiteElo "1917"]
[BlackElo "2111"]
[Opening "Nimzovich-Larsen attack: modern variation"]
[ECO "A01"]
[Time "20:01:03"]
[PlyCount "92"]
[TimeControl "2700+45"]

1. b3 e5 2. Bb2 Nc6 3. e3 g6 4. Nf3 Bg7 5. d4 d6 6. dxe5 Nge7 7. Na3 Bg4 8. Nc4
d5 9. e6 f6 10. Ncd2 Bxe6 11. h4 O-O 12. h5 Ne5 13. Nxe5 fxe5 14. Nf3 Bg4 15.
hxg6 Nxg6 16. Be2 c6 17. c4 Bxf3 18. gxf3 d4 19. Qc2 e4 20. Qxe4 Re8 21. Qf5
dxe3 22. Bxg7 Qd2+ 23. Kf1 exf2 24. Qd3 Rad8 25. Qxd2 Rxd2 26. Bc3 Rdxe2 27. Rh2
Rc2 28. Bb4 c5 29. Ba5 b6 30. Rxf2 Rxf2+ 31. Kxf2 bxa5 32. Rd1 Kf7 33. Rd5 Re5
34. Rd7+ Re7 35. Rd5 Rc7 36. Kg3 Ne7 37. Rh5 Kg6 38. Kg4 h6 39. Re5 Ng8 40. f4
Nf6+ 41. Kh4 Rc6 42. Kg3 a4 43. Re7 axb3 44. Rxa7 Rb6 45. axb3 Rxb3+ 46. Kg2 Rb4
{White resigns} 0-1

[Event "Team 45 45 League T94"]
[Site "Internet Chess Club"]
[Date "2022.10.24"]
[Round "2"]
[White "fileman"]
[Black "primerpaso"]
[Result "1-0"]
[WhiteElo "1808"]
[BlackElo "1775"]
[Opening "Sicilian: Najdorf, Zagreb (fianchetto) variation"]
[ECO "B91"]
[Time "10:07:40"]
[PlyCount "63"]
[TimeControl "2700+45"]

1. e4 c5 2. Nf3 d6 3. d4 cxd4 4. Nxd4 Nf6 5. Nc3 a6 6. g3 e5 7. Nde2 Be6 8. Bg2
Nbd7 9. O-O Qc7 10. b3 b5 11. Bb2 Nc5 12. Nd5 Bxd5 13. exd5 Rc8 14. Rc1 Be7 15.
h3 O-O 16. f4 exf4 17. Rxf4 Ncd7 18. Nd4 Ne8 19. Nc6 Bg5 20. Qg4 Bxf4 21. gxf4
Nef6 22. Qg3 Rce8 23. Bf3 Kh8 24. Kh2 Rg8 25. Rg1 Nb8 26. Nd4 Qc8 27. Qg5 h6 28.
Qh4 Nbd7 29. Rg2 Nf8 30. Ne6 N8h7 31. Nxg7 Rxg7 32. Bxf6 {Black resigns} 1-0

[Event "Team 45 45 League T94"]
[Site "Internet Chess Club"]
[Date "2022.10.25"]
[Round "2"]
[White "fishhead"]
[Black "Tufnell"]
[Result "0-1"]
[WhiteElo "1704"]
[BlackElo "1892"]
[Opening "Sicilian: Najdorf, 7...Qb6"]
[ECO "B97"]
[Time "13:00:29"]
[PlyCount "32"]
[TimeControl "2700+45"]

1. e4 c5 2. Nf3 d6 3. d4 cxd4 4. Nxd4 Nf6 5. Nc3 a6 6. Bg5 e6 7. f4 Qb6 8. Qd2
Qxb2 9. Nb3 Nc6 10. Bxf6 gxf6 11. Be2 d5 12. O-O Bb4 13. Rf3 d4 14. Nd1 Qxa1 15.
Qxb4 Qxd1+ 16. Bxd1 Nxb4 {White resigns} 0-1

[Event "Team 45 45 League T94"]
[Site "Internet Chess Club"]
[Date "2022.10.21"]
[Round "2"]
[White "fireball"]
[Black "QuieroAprender"]
[Result "0-1"]
[WhiteElo "1613"]
[BlackElo "1682"]
[Opening "Hungarian defense"]
[ECO "C50"]
[Time "19:30:24"]
[PlyCount "102"]
[TimeControl "2700+45"]

1. e4 e5 2. Nf3 Nc6 3. Bc4 Be7 4. O-O Nf6 5. d3 O-O 6. Nc3 d6 7. h3 Na5 8. Nd5
Nxd5 9. Bxd5 c6 10. Bb3 Nxb3 11. axb3 Be6 12. Be3 a6 13. Nh2 Bg5 14. f4 Bxf4 15.
Bxf4 exf4 16. Rxf4 Qg5 17. Qf3 Qc5+ 18. Qf2 Qxf2+ 19. Rxf2 d5 20. exd5 Bxd5 21.
Nf3 Rae8 22. Re1 Rxe1+ 23. Nxe1 Re8 24. Kf1 f6 25. Re2 Rxe2 26. Kxe2 Kf7 27. Ke3
g5 28. c4 Be6 29. Nf3 Ke7 30. Nd4 Bd7 31. Ke4 h5 32. Nf5+ Kf7 33. Nd6+ Kg6 34.
Nxb7 f5+ 35. Ke5 h4 36. Nc5 Bc8 37. d4 f4 38. Ne4 f3 39. gxf3 Bxh3 40. d5 cxd5
41. cxd5 Bd7 42. Kd6 Bb5 43. Ke7 Kf5 44. d6 Kf4 45. d7 Bxd7 46. Kxd7 h3 47. Nf2
h2 48. Ke6 Kxf3 49. Nh1 Kg2 50. Kf5 Kxh1 51. Kxg5 Kg2 {White resigns} 0-1

[Event "Team 45 45 League T94"]
[Site "Internet Chess Club"]
[Date "2022.10.22"]
[Round "2"]
[White "ZenoElea"]
[Black "AlekMoro"]
[Result "1-0"]
[WhiteElo "1796"]
[BlackElo "1891"]
[Opening "Caro-Kann: advance variation"]
[ECO "B12"]
[Time "22:00:22"]
[PlyCount "71"]
[TimeControl "2700+45"]

1. e4 c6 2. d4 d5 3. e5 c5 4. dxc5 e6 5. Be3 Qc7 6. Nc3 a6 7. Bd3 Qxe5 8. Nf3
Qc7 9. Na4 Nd7 10. Bd4 Ne7 11. O-O Nc6 12. c3 Rb8 13. Re1 Nf6 14. Ne5 Be7 15.
Nxc6 Qxc6 16. Be5 Ra8 17. Nb6 Ra7 18. Bc2 Bxc5 19. Ba4 Bxb6 20. Bxc6+ bxc6 21.
Qa4 Bd7 22. Qf4 Bd8 23. Bd6 Rb7 24. b4 Nh5 25. Qg4 g6 26. a4 Nf6 27. Qd4 Rg8 28.
f3 Bc8 29. c4 Kd7 30. Bc5 Nh5 31. Rac1 Bf6 32. Qd2 Ng7 33. g4 h5 34. Qf4 Ne8 35.
cxd5 cxd5 36. g5 {Black resigns} 1-0

[Event "Team 45 45 League T94"]
[Site "Internet Chess Club"]
[Date "2022.10.24"]
[Round "2"]
[White "LookImYourVader"]
[Black "martineden"]
[Result "1/2-1/2"]
[WhiteElo "1820"]
[BlackElo "1849"]
[Opening "Queen's pawn game, Darooha variation "]
[ECO "D11"]
[Time "10:59:10"]
[PlyCount "106"]
[TimeControl "2700+45"]

1. Nf3 d5 2. d4 Nf6 3. c4 c6 4. Qb3 Qb6 5. Nc3 Qxb3 6. axb3 e6 7. Bg5 Nbd7 8. e3
Bd6 9. Bd3 h6 10. Bh4 e5 11. dxe5 Nxe5 12. Nxe5 Bxe5 13. Bxf6 Bxf6 14. cxd5 O-O
15. dxc6 bxc6 16. Be4 Rb8 17. Bxc6 Rxb3 18. Nd5 Bxb2 19. Ra2 Ba3 20. O-O Bc5 21.
Rc1 Be6 22. Nf4 Rxe3 23. Rac2 Bb6 24. fxe3 Bxe3+ 25. Kh1 Bxf4 26. Ra1 Be3 27.
Be4 Bb6 28. Ra6 Re8 29. Bf3 Bg4 30. h3 Bxf3 31. gxf3 Re3 32. Kg2 f5 33. Rca2 Kf7
34. Rxa7+ Bxa7 35. Rxa7+ Kf6 36. Kf2 f4 37. Ra4 g5 38. Ra6+ Re6 39. Ra5 Kg6 40.
h4 gxh4 41. Ra4 Rf6 42. Kg2 Kg5 43. Kh3 Rf5 44. Ra8 Kh5 45. Ra4 Kg5 46. Ra8 Kh5
47. Ra4 Kg5 48. Ra8 h5 49. Rg8+ Kf6 50. Kxh4 Kf7 51. Rh8 Kg6 52. Rg8+ Kf7 53.
Rh8 Kg6 {Game drawn by mutual agreement} 1/2-1/2

[Event "Team 45 45 League T94"]
[Site "Internet Chess Club"]
[Date "2022.10.22"]
[Round "2"]
[White "Sandrotov"]
[Black "discipulo"]
[Result "0-1"]
[WhiteElo "1585"]
[BlackElo "1727"]
[Opening "French: exchange variation"]
[ECO "C01"]
[Time "16:00:12"]
[PlyCount "68"]
[TimeControl "2700+45"]

1. e4 e6 2. d4 d5 3. exd5 exd5 4. Bd3 Nc6 5. Nf3 Bd6 6. O-O Nge7 7. c3 Bg4 8. h3
Bh5 9. Nbd2 Qd7 10. Qc2 O-O-O 11. b4 Bg6 12. a4 f6 13. Nb3 Rde8 14. b5 Nd8 15.
Nc5 Bxd3 16. Qxd3 Qf5 17. Qxf5+ Nxf5 18. g4 Ne7 19. a5 g5 20. b6 a6 21. Be3 c6
22. Rac1 h5 23. c4 hxg4 24. hxg4 dxc4 25. Ne4 Bb8 26. Nxf6 Ref8 27. Bxg5 Nd5 28.
Nxd5 cxd5 29. Ne5 Rhg8 30. f4 Ne6 31. Be7 Rxf4 32. Rxf4 Nxf4 33. Rf1 Ne2+ 34.
Kf2 Nxd4 {White resigns} 0-1

[Event "Team 45 45 League T94"]
[Site "Internet Chess Club"]
[Date "2022.10.20"]
[Round "2"]
[White "VictorRed"]
[Black "room-matt"]
[Result "0-1"]
[WhiteElo "1721"]
[BlackElo "1818"]
[Opening "Torre attack (Tartakower variation)"]
[ECO "D03"]
[Time "15:04:37"]
[PlyCount "102"]
[TimeControl "2700+45"]

1. Nf3 Nf6 2. d4 d5 3. Bg5 h6 4. Bh4 c6 5. Nc3 Qb6 6. Rb1 Bf5 7. e3 g5 8. Bg3
Bg7 9. Bd3 Bxd3 10. Qxd3 Nbd7 11. Ne5 Nxe5 12. Bxe5 Rg8 13. O-O O-O-O 14. b4 a6
15. a4 e6 16. f3 Nd7 17. Bxg7 Rxg7 18. b5 h5 19. Rb2 cxb5 20. axb5 g4 21. f4
Rdg8 22. Rfb1 a5 23. Na4 Qc7 24. Rb3 Kb8 25. Qd2 b6 26. Rc3 Qd8 27. Rc6 Rg6 28.
Rc1 h4 29. c4 h3 30. g3 dxc4 31. R1xc4 R8g7 32. Qc2 Rg8 33. Rd6 e5 34. Rcc6 Rxd6
35. Rxd6 Rg6 36. Rxg6 fxg6 37. Qxg6 exd4 38. Qd6+ Qc7 39. Qxc7+ Kxc7 40. exd4
Kd6 41. Kf2 Kd5 42. Ke3 Kc4 43. f5 Kb3 44. Nxb6 Nxb6 45. f6 Nd5+ 46. Ke4 Nxf6+
47. Ke5 Nd7+ 48. Ke6 Nb6 49. d5 a4 50. Kd6 a3 51. Kc6 a2 {White resigns} 0-1

[Event "Team 45 45 League T94"]
[Site "Internet Chess Club"]
[Date "2022.10.22"]
[Round "2"]
[White "Electryon"]
[Black "Constrictor"]
[Result "1-0"]
[WhiteElo "1451"]
[BlackElo "1430"]
[Opening "English: Anglo-Dutch defense"]
[ECO "A10"]
[Time "11:00:48"]
[PlyCount "31"]
[TimeControl "2700+45"]

1. c4 f5 2. Nc3 Nf6 3. g3 e6 4. Bg2 Be7 5. d3 O-O 6. e4 fxe4 7. dxe4 e5 8. f4 d6
9. Nf3 Nc6 10. O-O Bg4 11. h3 Bd7 12. Be3 Qc8 13. Kh2 Qe8 14. Nd5 Bd8 15. Nd2
Qh5 16. Nxf6+ {Black resigns} 1-0

[Event "Team 45 45 League T94"]
[Site "Internet Chess Club"]
[Date "2022.10.20"]
[Round "2"]
[White "xingon"]
[Black "herrahuu"]
[Result "0-1"]
[WhiteElo "1279"]
[BlackElo "1484"]
[Opening "Benkö gambit accepted"]
[ECO "A58"]
[Time "12:15:24"]
[PlyCount "56"]
[TimeControl "2700+45"]

1. d4 c5 2. d5 Nf6 3. c4 b5 4. cxb5 a6 5. bxa6 g6 6. Nc3 Bg7 7. e4 O-O 8. Nf3 d6
9. Be2 Nxa6 10. O-O Nb4 11. Bg5 Ba6 12. Bxa6 Nxa6 13. Qd2 Qb6 14. Rfb1 Rfb8 15.
Bh6 Rb7 16. Bxg7 Kxg7 17. h3 Qb4 18. e5 dxe5 19. Nxe5 Qd4 20. Qe2 Nxd5 21. Nc6
Nxc3 22. Nxd4 Nxe2+ 23. Nxe2 Nb4 24. a3 Nc2 25. Ra2 Nxa3 26. Nc3 Nxb1 27. Rxa8
Rxb2 28. Na4 Ra2 {White resigns} 0-1

[Event "Team 45 45 League T94"]
[Site "Internet Chess Club"]
[Date "2022.10.23"]
[Round "2"]
[White "scostanzo212"]
[Black "Rookmaster"]
[Result "1/2-1/2"]
[WhiteElo "1563"]
[BlackElo "1533"]
[Opening "QGD: Janowski variation"]
[ECO "D31"]
[Time "09:00:25"]
[PlyCount "40"]
[TimeControl "2700+45"]

1. d4 d5 2. c4 e6 3. Nc3 a6 4. cxd5 exd5 5. Nf3 Nf6 6. Bg5 Be6 7. e3 Nbd7 8. Bd3
Bd6 9. Rc1 c6 10. O-O h6 11. Bxf6 Nxf6 12. a3 O-O 13. Na4 Bg4 14. Nc5 Qe7 15. b4
Bxc5 16. bxc5 Ne4 17. Be2 f6 18. Nd2 Bxe2 19. Qxe2 Nxd2 20. Qxd2 f5 {Game drawn
by mutual agreement} 1/2-1/2

[Event "Team 45 45 League T94"]
[Site "Internet Chess Club"]
[Date "2022.10.21"]
[Round "2"]
[White "trogers41"]
[Black "Kingofknights"]
[Result "0-1"]
[WhiteElo "1388"]
[BlackElo "1500"]
[Opening "Caro-Kann: advance variation"]
[ECO "B12"]
[Time "14:00:16"]
[PlyCount "122"]
[TimeControl "2700+45"]

1. e4 c6 2. d4 d5 3. e5 c5 4. dxc5 Qa5+ 5. Nc3 e6 6. a3 Bxc5 7. Bd2 Qd8 8. Bb5+
Bd7 9. Qg4 g6 10. Nf3 a6 11. Bxd7+ Nxd7 12. O-O h5 13. Qf4 Nh6 14. Be3 Nf5 15.
Bxc5 Nxc5 16. Rfe1 Qe7 17. Rad1 O-O-O 18. Nd4 Nxd4 19. Rxd4 g5 20. Qe3 Nd7 21.
Rb4 Kb8 22. Qd3 Ka8 23. Qd4 Rc8 24. Re2 Qc5 25. Qxc5 Nxc5 26. Na4 Nxa4 27. Rxa4
Rc5 28. Rb4 Ka7 29. g3 b5 30. Rd4 Kb6 31. f4 g4 32. c3 a5 33. f5 a4 34. fxe6
fxe6 35. Rf2 Kc6 36. Rf7 Rg8 37. Re7 Rg6 38. Kf2 Rc4 39. Ke3 Kb6 40. Kf4 Rc7 41.
Rxc7 Kxc7 42. Rb4 Kc6 43. Rd4 Rg7 44. Ke3 Rg5 45. Rf4 Rxe5+ 46. Kd3 Kd6 47. Rf7
Rf5 48. Rh7 e5 49. Rh6+ Kc5 50. Rh7 e4+ 51. Ke2 Kc4 52. Rc7+ Kb3 53. Rb7 Kxb2
54. Rxb5+ Kxc3 55. Ra5 Kb3 56. Rb5+ Kxa3 57. Ke3 Rf3+ 58. Kd4 Rb3 59. Rxd5 Kb2
60. Kxe4 a3 61. Rd2+ Kc3 {White resigns} 0-1

[Event "Team 45 45 League T94"]
[Site "Internet Chess Club"]
[Date "2022.10.23"]
[Round "2"]
[White "Signofthetimes"]
[Black "BlueStorm"]
[Result "1-0"]
[WhiteElo "1547"]
[BlackElo "1540"]
[Opening "King's pawn opening"]
[ECO "B07"]
[Time "11:00:26"]
[PlyCount "57"]
[TimeControl "2700+45"]

1. e4 d6 2. Nf3 g6 3. Bc4 Bg7 4. d4 Nf6 5. Nc3 O-O 6. h3 c6 7. Be3 b5 8. Be2
Nbd7 9. g4 e5 10. g5 Ne8 11. a3 f5 12. gxf6 Bxf6 13. Qd2 Bb7 14. O-O-O a5 15. h4
b4 16. axb4 axb4 17. Nb1 Qa5 18. h5 c5 19. d5 Ba6 20. hxg6 Bxe2 21. gxh7+ Kh8
22. Qxe2 Rf7 23. Rdg1 Rg7 24. Bg5 Ra7 25. Bxf6 Ndxf6 26. Ng5 Nxh7 27. Rxh7+ Rxh7
28. Nxh7 Kxh7 29. Qh5# {Black checkmated} 1-0

[Event "Team 45 45 League T94"]
[Site "Internet Chess Club"]
[Date "2022.10.23"]
[Round "2"]
[White "woofgang"]
[Black "tightfist"]
[Result "0-1"]
[WhiteElo "1172"]
[BlackElo "1428"]
[Opening "Queen's pawn"]
[ECO "A40"]
[Time "18:02:14"]
[PlyCount "58"]
[TimeControl "2700+45"]

1. d4 e6 2. Nf3 d5 3. e3 c5 4. b3 Nc6 5. Bb2 cxd4 6. Nxd4 Nf6 7. Bb5 Bd7 8. O-O
Be7 9. Nd2 Nxd4 10. Bxd7+ Qxd7 11. Bxd4 O-O 12. c4 b6 13. Rc1 Rfc8 14. Nf3 Qd8
15. Qd3 Ba3 16. Rc2 dxc4 17. Rxc4 Bc5 18. Ne5 Nd7 19. Qe4 Nf6 20. Qf4 Bxd4 21.
Rxd4 Qe7 22. Rc4 Nd5 23. Qg4 Nf6 24. Qh4 Rc5 25. Nc6 Qd6 26. Rxc5 Qxc5 27. Nd4
Rc8 28. Ne2 Qc2 29. Rc1 Qxc1+ {White resigns} 0-1

[Event "Team 45 45 League T94"]
[Site "Internet Chess Club"]
[Date "2022.10.20"]
[Round "2"]
[White "julesraider"]
[Black "WillC"]
[Result "0-1"]
[WhiteElo "1636"]
[BlackElo "1577"]
[Opening "QGD: 6.Nf3"]
[ECO "D55"]
[Time "16:30:08"]
[PlyCount "102"]
[TimeControl "2700+45"]

1. d4 d5 2. c4 e6 3. Nc3 Nf6 4. Bg5 Be7 5. e3 O-O 6. Nf3 b6 7. cxd5 exd5 8. Qc2
Bb7 9. Bd3 h6 10. Bh4 Nbd7 11. O-O Rc8 12. a3 c5 13. Qe2 Ne4 14. Bxe7 Qxe7 15.
Ba6 Nxc3 16. bxc3 Nf6 17. Rfc1 Rc7 18. Rc2 Rfc8 19. Rac1 Ne4 20. Bxb7 Rxb7 21.
Nd2 Rbc7 22. Nxe4 dxe4 23. c4 cxd4 24. exd4 Qxa3 25. Qxe4 Re7 26. Qg4 Rce8 27.
h3 Qd6 28. Rf1 Re4 29. c5 Qxd4 30. Qf5 R4e5 31. Qf3 Rxc5 32. Rd1 Qe5 33. Rcd2
Rc7 34. Rd3 Rce7 35. Re3 Qc7 36. Rxe7 Qxe7 37. Qc6 Rd8 38. Rc1 Qd7 39. Qc4 b5
40. Qc5 a5 41. Qb6 a4 42. Rb1 a3 43. Rxb5 a2 44. Ra5 Qd1+ 45. Kh2 Rd2 46. Ra8+
Kh7 47. Qb8 a1=Q 48. Qg8+ Kg6 49. Re8 Qg1+ 50. Kg3 Qxf2+ 51. Kg4 Qa4+ {White
resigns} 0-1

[Event "Team 45 45 League T94"]
[Site "Internet Chess Club"]
[Date "2022.10.20"]
[Round "2"]
[White "BIRDSMAN"]
[Black "mongmong"]
[Result "1/2-1/2"]
[WhiteElo "1344"]
[BlackElo "1506"]
[Opening "Queen's pawn game"]
[ECO "D05"]
[Time "17:00:38"]
[PlyCount "111"]
[TimeControl "2700+45"]

1. d4 e6 2. Nf3 Nf6 3. e3 d5 4. Bd3 Bd6 5. Nbd2 O-O 6. O-O Nbd7 7. Re1 e5 8.
dxe5 Nxe5 9. Nxe5 Bxe5 10. Nf3 Bd6 11. h3 c6 12. c4 Be6 13. Qc2 dxc4 14. Bxc4
Bxc4 15. Qxc4 Qb6 16. b3 Rad8 17. Bb2 Be7 18. Rad1 Bd6 19. Rxd6 Rxd6 20. Ba3
Rdd8 21. Bxf8 Kxf8 22. Qe2 Ne4 23. Rd1 Nc3 24. Rxd8+ Qxd8 25. Qc2 Qd1+ 26. Qxd1
Nxd1 27. a3 Ke7 28. Kf1 Nc3 29. Ke1 g6 30. Nd4 c5 31. Ne2 Nb5 32. a4 Nd6 33. Kd2
Ne4+ 34. Ke1 b6 35. f3 Nd6 36. Kd2 a6 37. Nf4 Nc8 38. Kd3 Kd6 39. Kc4 Kc6 40. e4
b5+ 41. axb5+ axb5+ 42. Kc3 Nb6 43. Ne2 Kd6 44. f4 Nd7 45. Kd3 f6 46. g4 Nf8 47.
Nc3 Ne6 48. Ne2 g5 49. fxg5 Nxg5 50. Nf4 Ke5 51. Ke3 Nxe4 52. Nd3+ Kd5 53. Nf4+
Ke5 54. Nd3+ Kd5 55. Nf4+ Ke5 56. Nd3+ {Game drawn by repetition} 1/2-1/2

[Event "Team 45 45 League T94"]
[Site "Internet Chess Club"]
[Date "2022.10.21"]
[Round "2"]
[White "Toalla"]
[Black "blind-warrior"]
[Result "0-1"]
[WhiteElo "1095"]
[BlackElo "1165"]
[Opening "Old Benoni defense"]
[ECO "A43"]
[Time "15:00:20"]
[PlyCount "76"]
[TimeControl "2700+45"]

1. d4 c5 2. d5 d6 3. Nc3 Nf6 4. e4 Nbd7 5. f4 Nb6 6. Bb5+ Bd7 7. a4 Bxb5 8. axb5
a6 9. bxa6 bxa6 10. Nf3 g6 11. e5 dxe5 12. fxe5 Nfxd5 13. Nxd5 Nxd5 14. c4 Nb4
15. Qa4+ Qd7 16. Qxd7+ Kxd7 17. O-O h6 18. Rd1+ Ke6 19. h3 Bg7 20. Bf4 g5 21.
Bg3 Rhd8 22. b3 f5 23. exf6 Bxf6 24. Rab1 Rxd1+ 25. Rxd1 a5 26. Re1+ Kf7 27. Be5
a4 28. bxa4 Rxa4 29. Bxf6 exf6 30. Nd2 Nc2 31. Rc1 Nd4 32. Kh2 f5 33. Re1 Kf6
34. Re8 Ne6 35. Rc8 Ra2 36. Nf3 g4 37. hxg4 fxg4 38. Ne1 Ra4 {White resigns} 0-1